 Dungeon Sprint DCSS version 0.29-a0-620-g13ace881f2 (webtiles) character file.

Game seed: 9300631463178334485

217 rocky1 the Grappler (level 5, -1/54 HPs)
             Began as a Troll Monk on June 19, 2022.
             Was an Elder of Okawaru.
             Slain by a gnoll
             ... wielding a +0 flail of draining
             ... led by a gnoll sergeant
              (5 damage)
             ... in the Dungeon (Sprint VII: "The Pits").
             The game lasted 00:01:14 (136 turns).

rocky1 the Grappler (Troll Monk)                     Turns: 136, Time: 00:01:16

Health: -1/54      AC:  4    Str: 21    XL:     5   Next: 62%
Magic:  1/6        EV: 10    Int:  6    God:    Okawaru [****..]
Gold:   0          SH:  0    Dex: 12    Spells: 4/4 levels left

rFire   . . .      SeeInvis .     - Unarmed
rCold   . . .      Faith    .   (no shield)
rNeg    . . .      Spirit   .   a - +0 robe
rPois   .          Reflect  .   (helmet restricted)
rElec   .          Harm     .   (no cloak)
rCorr   .          Rampage  .   (gloves unavailable)
Will    .....      NoTele   +   (boots unavailable)
Stlth   ++........              (no amulet)
HPRegen 0.98/turn               (no ring)
MPRegen 0.10/turn               (no ring)

@: lethally poisoned (-1 -> -1), on berserk cooldown, slowed, very slow
A: large, unfitting armour, claws 3, regeneration 1, shaggy fur 1, tough skin 1
a: Renounce Religion, Heroism, Finesse


You were in the Dungeon.
You worshipped Okawaru.
Okawaru was greatly pleased with you.
You visited 1 branch

Inventory:

Armour
 a - a +0 robe (worn)
Scrolls
 h - a scroll of blinking
 j - 5 scrolls of amnesia
Potions
 b - a potion of ambrosia
 c - a potion of curing
 d - a potion of heal wounds
 e - a potion of haste
 f - 4 potions of magic
 g - 2 potions of berserk rage
 i - 2 potions of invisibility


   Skills:
 + Level 3.7 Fighting
 + Level 3.7 Dodging
 - Level 1.0 Stealth
 * Level 10.5 Unarmed Combat
 + Level 2.7 Invocations


You had 4 spell levels left.
You didn't know any spells.
Your spell library was empty.

Dungeon Overview and Level Annotations

Branches:
Dungeon (1/1)

Altars:
Ashenzari
Cheibriados
Dithmenos
Elyvilon
Fedhas
Gozag
Hepliaklqana
Kikubaaqudgha
Makhleb
Nemelex Xobeh
Okawaru
Qazlal
Ru
Sif Muna
Trog
Uskayaw
Vehumet
Wu Jian
Xom
Yredelemnul
Zin
The Shining One
Beogh
Jiyva
Lugonu


Innate Abilities, Weirdness & Mutations

You are too large for most types of armour.
You have claws for hands.
Your natural rate of healing is unusually fast.
You are covered in fur. (AC +1)
You have tough skin. (AC +1)


Message History

Your base Dodging skill increases to level 3!
Your base Unarmed Combat skill increases to level 10!
Your Invocations skill gained 2 levels and is now at level 2!
You have reached level 5!
You mangle the gnoll!!
You kill the gnoll!
Okawaru accepts your kill.
You feel sick.
You feel sick. The gnoll closely misses you. The gnoll hits you with a +0 club.
* * * LOW HITPOINT WARNING * * *
There is an open door, spattered with blood here.
Things that are here:
a +0 flail; a +2 spear of venom; a +0 ring mail You mangle the gnoll!!
You kill the gnoll!
Okawaru accepts your kill.
You feel sick.
You feel sick.
You claw the river rat!
The river rat is severely wounded.
You feel sick. The river rat bites you.
* * * LOW HITPOINT WARNING * * *
You claw the river rat!
You kill the river rat!
Okawaru accepts your kill.
You feel sick. The gnoll hits you with a +0 club!
* * * LOW HITPOINT WARNING * * *
There is an open door, spattered with blood here.
Items here: )) [ †.
You mangle the gnoll!!
You kill the gnoll!
Okawaru accepts your kill.
You feel sick.
You are no longer berserk.
You are exhausted.
You feel yourself slow down.
You feel like a meek peon again.
You feel sick.
The gnoll hits you with a +0 flail of draining.
You die...

#...........'........
#+#####†#####......#.
#.)#..# #........
#..'..# ####'####
#..#### #.......#
#..# # #.......# #†.#
.# #.......#
##)#..#+###...<...#
#.@g.....##.......#
#........##.......#
###########.......#
#########


You could see a gnoll.

Vanquished Creatures
  A floating eye (D)
  A gnoll sergeant (D)
  4 gnolls (D)
  A river rat (D)
  An endoplasm (D)
  A hobgoblin (D)
  A ball python (D)
  2 bats (D)
  A kobold (D)
  A rat (D)
14 creatures vanquished.

Notes
Turn   | Place    | Note
-------+----------+-------------------------------------------
     0 | D        | rocky1 the Troll Monk began the quest for the Orb.
     0 | D        | Reached XP level 1. HP: 22/22 MP: 0/0
    23 | D        | Found a bloodstained altar of Trog.
    23 | D        | Found a shimmering blue altar of Sif Muna.
    23 | D        | Found a viscous altar of Jiyva.
    23 | D        | Found a hazy altar of Hepliaklqana.
    23 | D        | Found an opulent altar of Gozag.
    24 | D        | Found a glowing golden altar of the Shining One.
    24 | D        | Found a glowing silver altar of Zin.
    24 | D        | Found a basalt altar of Yredelemnul.
    24 | D        | Found a shimmering altar of Xom.
    24 | D        | Found an ornate altar of the Wu Jian Council.
    24 | D        | Found a sacrificial altar of Ru.
    24 | D        | Found a stormy altar of Qazlal.
    24 | D        | Found an iron altar of Okawaru.
    24 | D        | Found a sparkling altar of Nemelex Xobeh.
    24 | D        | Found a burning altar of Makhleb.
    24 | D        | Found a blossoming altar of Fedhas.
    24 | D        | Found a white marble altar of Elyvilon.
    24 | D        | Found a shadowy altar of Dithmenos.
    24 | D        | Found a snail-covered altar of Cheibriados.
    26 | D        | Found a radiant altar of Vehumet.
    26 | D        | Found a corrupted altar of Lugonu.
    27 | D        | Found a hide-covered altar of Uskayaw.
    27 | D        | Found an ancient bone altar of Kikubaaqudgha.
    27 | D        | Found a broken altar of Ashenzari.
    38 | D        | Became a worshipper of Warmaster Okawaru
    38 | D        | Reached * piety under Okawaru
    38 | D        | Reached ** piety under Okawaru
    78 | D        | Noticed a floating eye
    81 | D        | Paralysed by a floating eye for 4 turns
    86 | D        | Killed a floating eye
    86 | D        | Reached *** piety under Okawaru
    87 | D        | Reached skill level 9 in Unarmed Combat
    87 | D        | Reached XP level 2. HP: 29/29 MP: 1/1
    87 | D        | Reached XP level 3. HP: 36/36 MP: 2/2
    87 | D        | Reached XP level 4. HP: 44/44 MP: 3/3
   112 | D        | Noticed a gnoll sergeant
   127 | D        | Killed a gnoll sergeant
   127 | D        | Reached **** piety under Okawaru
   128 | D        | Reached skill level 10 in Unarmed Combat
   128 | D        | Reached XP level 5. HP: 27/53 MP: 1/5
   136 | D        | Slain by a gnoll

Illustrated notes

Levels and vault maps discovered:
D:        pitsprint [storerooms_1, entrance_room_1, metal_vault_4, armoury_1,
          mini_pit_1, grid_room_1, main_hall_1, silver_pit, the_coven_1,
          the_vestibule_1, steel_vault_3, golden_pit, hallway_of_sentries,
          crystal_vault_2, iron_vault_4, final_vault]

Skill      XL: |  1  2  3  4 |
---------------+-------------+-----
Unarmed Combat | 9 10 | 10.5
Fighting       | 3 |  3.7
Dodging        | 3 |  3.7
Invocations    | 2 |  2.7
Stealth        | |  1.0

Action                   |  1- 3 |  4- 6 || total
-------------------------+-------+-------++-------
Melee: Unarmed           |     5 |    24 ||    29
       Punch             |       |     1 ||     1
Invok: Heroism           |       |     1 ||     1
  Use: Potion            |       |     1 ||     1
 Stab: Sleeping          |     1 |       ||     1
Armor: Robe              |       |    13 ||    13
Dodge: Dodged            |     1 |    11 ||    12

Table legend: (Time is in decaauts)
 A = Elapsed time spent in this place.
 B = Non-inter-level travel time spent in this place.
 C = Inter-level travel time spent in this place.
 D = Time resting spent in this place.
 E = Time spent auto-exploring this place.
 F = Levels seen in this place.
 G = Mean time per level.
                   A        B        C        D        E       F      G
               +--------+--------+--------+--------+--------+-----+--------+
         Total |    126 |    126 |      0 |      0 |      0 |   1 |  126.0 |
       Dungeon |    126 |    126 |      0 |      0 |      0 |   1 |  126.0 |
               +--------+--------+--------+--------+--------+-----+--------+

Top non-repeatable levels by time:
       D: 126 daAuts
